 Dungeon Crawl Stone Soup version 0.25-a0-287-g56a5b49 (webtiles) character file.

Game seed: 12237697261338182195, levelgen mode: deterministic

263 Ayyar the Skirmisher (level 6, -3/58 HPs)
             Began as a Gargoyle Fighter on Dec 10, 2019.
             Slain by a wight
             ... wielding a cursed +4 dire flail
              (8 damage)
             ... on level 2 of the Dungeon on Dec 12, 2019.
             The game lasted 00:11:57 (2477 turns).

Ayyar the Skirmisher (Gargoyle Fighter)             Turns: 2477, Time: 00:11:57

Health: -3/58      AC: 23    Str: 22    XL:     6   Next: 19%
Magic:  6/6        EV:  2    Int:  8    God:
Gold:   135        SH:  9    Dex:  9    Spells: 5/5 levels left

rFire    . . .     SeeInvis .   a - +0 flail
rCold    . . .     Gourm    .   c - +0 shield
rNeg     + + +     Faith    .   (armour currently unavailable)
rPois    ∞         Spirit   .   (helmet currently unavailable)
rElec    .         Reflect  .   (cloak currently unavailable)
rCorr    .         Harm     .   (gloves currently unavailable)
MR       .....     NoTele   +   (boots currently unavailable)
Stlth    +.........             (no amulet)
HPRegen  0.19/turn              (no ring)
MPRegen  0.10/turn              (no ring)

@: tree-form
A: negative energy resistance 1, petrification resistance, rot immunity, AC +4
a: no special abilities


You were on level 2 of the Dungeon.
You were not hungry.
You were a tree.
You visited 1 branch of the dungeon, and saw 3 of its levels.

You collected 135 gold pieces.

Inventory:

Hand Weapons
 a - a +0 flail (weapon)
Armour
 b - a +0 scale mail (melded)
 c - a +0 shield (worn)
 t - a cursed +0 plate armour
Jewellery
 l - an uncursed ring of protection from cold {unknown}
 s - an uncursed ring of fire {unknown}
Scrolls
 d - a scroll of remove curse {unknown}
 g - 2 scrolls of magic mapping {unknown}
 h - a scroll of teleportation {unknown}
 n - 2 scrolls of immolation {unknown}
 p - 2 scrolls of identify {unknown}
Potions
 e - 2 potions of curing {unknown}
 i - a potion of heal wounds {unknown}
 j - 2 potions of haste {unknown}
 k - 3 potions of lignification
 o - a potion of cancellation {unknown}
 q - a potion of flight {unknown}
 r - a potion of brilliance {unknown}
Comestibles
 f - 2 rations
 m - a chunk of flesh


   Skills:
 + Level 4.6 Fighting
 * Level 3.6 Maces & Flails
 + Level 4.6 Armour
 + Level 4.6 Shields


You had 5 spell levels left.
You didn't know any spells.
Your spell library was empty.

Dungeon Overview and Level Annotations

Branches:
Dungeon (3/15)

Altars:
Cheibriados


Innate Abilities, Weirdness & Mutations

You are resistant to torment.
((Your stone body is resilient. (AC +4)))
You are immune to poison.
You resist negative energy. (rN+)
((You are resistant to electric shocks. (rElec)))
((You can survive without breathing.))
You are immune to petrification.
You are immune to rotting.


Message History

The wight closely misses you. The wight hits you but does no damage.
You block the wight's attack.
You hit the wight.
The wight is severely damaged.
The wight hits you with a cursed +4 dire flail!
The wight closely misses you. The wight barely misses you.
You closely miss the wight.
The wight is severely damaged.
You block the wight's attack. The wight barely misses you.
You block the wight's attack.
You hit the wight but do no damage.
The wight is severely damaged.
The wight hits you with a +2 short sword of speed.
The wight hits you with a cursed +4 dire flail!
* * * LOW HITPOINT WARNING * * *
It was a potion of lignification.
You turn into a tree.
Your +0 scale mail melds into your body.
Your roots penetrate the ground.
The wight hits you but does no damage.
The wight hits you with a cursed +4 dire flail!
You die...

#.#.# #.##################.#####
#.#.# #........................#
#.#.# #..#.......(...)...#.###.#
#.#'###..#.###.>...........# #.#
).....#..#...'.............# #.#
#.....#..#..##.......[.....# #.#
+.....#..#..#######'######.# #.#
#.....#..#..#######.######.###.#
#.....#..#.....z♣z...........#.#
#.....#..#.########.##########.#
#.....#..#.# #...........#.#
#.....#..#.# #...........#.#
#.....#..#.#######.###########.##
.........#.................>.....
########.#########.###########.#.
#.# #.....#...÷...#. ########.#
#####.#.#######.


You could see 2 wights.

Vanquished Creatures
  Sigmund (D:2)
  A wight (D:2)
  An adder (D:2)
  An ooze (D:1)
  2 worms (D:2)
  3 dart slugs
  2 leopard geckos
  2 giant cockroaches
  4 goblins
  5 hobgoblins
  6 jackals
  A quokka (D:2)
  7 bats
  5 frilled lizards
  3 kobolds
  5 rats
49 creatures vanquished.

Notes
Turn   | Place    | Note
-------+----------+-------------------------------------------
     0 | D:1      | Ayyar the Gargoyle Fighter began the quest for the Orb.
     0 | D:1      | Reached XP level 1. HP: 14/14 MP: 1/1
    65 | D:1      | Reached XP level 2. HP: 19/19 MP: 2/2
   366 | D:1      | Reached XP level 3. HP: 23/23 MP: 3/3
   800 | D:2      | Found a snail-covered altar of Cheibriados.
  1151 | D:2      | Reached XP level 4. HP: 29/29 MP: 4/4
  1299 | D:2      | Upgraded the game from 0.25-a0-280-gfa4545f to
                  | 0.25-a0-287-g56a5b49
  1302 | D:2      | Noticed Sigmund
  1320 | D:2      | Killed Sigmund
  1320 | D:2      | Reached XP level 5. HP: 12/34 MP: 5/5
  2211 | D:3      | Reached XP level 6. HP: 36/39 MP: 6/6
  2477 | D:2      | Slain by a wight

Levels and vault maps discovered:
D:1:      dpeg_arrival_pits, layout_loops_ring, chequers_garden
D:2:      layout_basic, cheibriados_altar_1, uniq_sigmund
D:3:      layout_basic, first_ration, st_stairs_3, uniq_natasha

Skill      XL: |  1  2  3  4 |
---------------+-------------+-----
Fighting       | 4 |  4.6
Maces & Flails | 3 |  3.6
Armour         | 4 |  4.6
Shields        | 4 |  4.6

Action                   |  1- 3 |  4- 6 || total
-------------------------+-------+-------++-------
Melee: Flail             |   118 |    87 ||   205
Throw: Javelin           |       |     8 ||     8
  Use: Potion            |       |     2 ||     2
  Eat: Chunk             |     1 |     2 ||     3
       Ration            |       |     1 ||     1
Armor: Scale mail        |    72 |    44 ||   116
       Skin              |       |     1 ||     1
Dodge: Dodged            |    40 |    36 ||    76
Block: Shield            |    72 |    44 ||   116

Table legend:
 A = Non-vault XP
 B = Vault XP
 C = Vault XP percentage of total XP
 D = Non-vault monster count
 E = Vault monster count
 F = Vault count percentage of total count
                 A         B        C        D         E       F
            +---------+---------+-------+---------+---------+-------
      Total |     164 |     213 |  56.5 |      47 |       2 |   4.1
            +---------+---------+-------+---------+---------+-------
        D:1 |      40 |       0 |   0.0 |      19 |       0 |   0.0
        D:2 |     110 |     212 |  65.8 |      21 |       1 |   4.5
        D:3 |      14 |       1 |   6.7 |       7 |       1 |  12.5
            +---------+---------+-------+---------+---------+-------
